 Dungeon Crawl Stone Soup version 0.27-a0-695-gb4952372f7 (webtiles) character file.

Game seed: 7203867282776798925

18645 jasper the Cleaver (level 12, -8/112 HPs)
             Began as a Deep Dwarf Fighter on Mar 21, 2021.
             Was an Elder of Makhleb.
             Mangled by a cyan ugly thing (14 damage)
             ... on level 11 of the Dungeon.
             The game lasted 00:29:31 (10346 turns).

jasper the Cleaver (Deep Dwarf Fighter)            Turns: 10346, Time: 00:29:32

Health: -8/112     AC: 18    Str: 26    XL:     12   Next: 29%
Magic:  3/3 (10)   EV:  6    Int:  8    God:    Makhleb [****..]
Gold:   584        SH: 13    Dex: 12    Spells: 11/11 levels left

rFire    + + .     SeeInvis .   H - +4 broad axe "Rikk" {antimagic, rPois rF+}
rCold    . . .     Faith    .   c - +1 kite shield
rNeg     . . .     Spirit   .   w - +0 plate armour
rPois    +         Reflect  .   t - +0 hat "Ceseoh" {rPois}
rElec    .         Harm     .   F - +1 cloak
rCorr    .         Rampage  .   l - +0 pair of gloves
Will     ++...                  (no boots)
Stlth    ..........             (no amulet)
HPRegen  0.00/turn              U - ring of Okawaru's Delight {rF+ Will+ Stlth+}
MPRegen  0.08/turn              y - +4 ring of slaying

@: non-regenerating
A: damage resistance, heal wounds, sense surroundings 2, no regeneration
a: Heal Wounds, Renounce Religion, Minor Destruction, Lesser Servant of Makhleb,
Major Destruction


You were on level 11 of the Dungeon.
You worshipped Makhleb.
Makhleb was greatly pleased with you.
You visited 2 branches of the dungeon, and saw 12 of its levels.
You also visited: Gauntlet.

You collected 584 gold pieces.

Inventory:

Hand Weapons
 a - a +1 war axe
 o - a +0 hunting sling
 B - the +1 hunting sling of Indomitability {vorpal, rElec Will- Dex+7}
   (You found it on level 5 of the Dungeon)

   Any stone fired from it inflicts extra damage.
   It affects your dexterity (+7).
   It insulates you from electricity.
   It affects your willpower, your defense against some magical effects.
 H - the +4 broad axe "Rikk" (weapon) {antimagic, rPois rF+}
   (You acquired it on level 11 of the Dungeon)

   It reduces the magical energy of the wielder, and disrupts the spells and
   magical abilities of those hit.
   Natural abilities and divine invocations are not affected.
   It protects you from fire.
   It protects you from poison.
 I - a +4 flail
Missiles
 k - 58 sling bullets
 m - 368 stones
 n - a boomerang (quivered)
 u - 62 poisoned darts
 T - 11 silver javelins
Armour
 c - a +1 kite shield (worn)
 l - a +0 pair of gloves (worn)
 t - the +0 hat "Ceseoh" (worn) {rPois}
   (You acquired it on level 5 of the Dungeon)

   It protects you from poison.
 w - a +0 plate armour (worn)
 F - a +1 cloak (worn)
Jewellery
 g - a ring of willpower
 h - a ring of wizardry
 j - a +4 ring of protection
 p - an amulet of magic regeneration
 y - a +4 ring of slaying (left hand)
 G - a ring of protection from fire
 K - a +4 ring of protection
 N - a ring of see invisible
 Q - a ring of resist corrosion
 U - the ring of Okawaru's Delight (right hand) {rF+ Will+ Stlth+}
   (You found it in a Gauntlet)

   [ring of willpower]

   It protects you from fire.
   It affects your willpower, your defense against some magical effects.
   It makes you more stealthy.
 V - a ring of ice
Wands
 r - a wand of polymorph (9)
 W - a wand of paralysis (6)
 Z - a wand of digging (6)
Scrolls
 d - 2 scrolls of amnesia
 i - 2 scrolls of noise
 A - 3 scrolls of holy word
 E - 4 scrolls of enchant weapon
 J - 3 scrolls of blinking
 O - 3 scrolls of fear
 R - a scroll of enchant armour
 S - 2 scrolls of immolation
 X - a scroll of identify
 Y - a scroll of magic mapping
Potions
 q - 2 potions of cancellation
 s - 4 potions of brilliance
 v - a potion of resistance
 x - 3 potions of mutation
 z - a potion of magic
 M - 3 potions of curing
 P - a potion of lignification
Miscellaneous
 b - a box of beasts
 f - a lightning rod (2/4)


   Skills:
 + Level 8.8 Fighting
 * Level 13.6 Axes
 + Level 10.4 Armour
 + Level 10.4 Shields
 - Level 5.0 Invocations


You had 11 spell levels left.
You didn't know any spells.
Your spell library contained the following spells:

 Spells                   Type           Power      Damage    Failure   Level
 Beastly Appendage        Tmut           0%         N/A       100%        1
 Pain                     Necr           0%         1d4       100%        1
 Sublimation of Blood     Necr           0%         N/A       100%        2
 Confusing Touch          Hex            0%         N/A       100%        3
 Gell's Gravitas          Tloc           0%         N/A       100%        3
 Animate Armour           Summ/Erth      0%         N/A       100%        4
 Animate Dead             Necr           0%         N/A       100%        4
 Leda's Liquefaction      Hex/Erth       0%         N/A       100%        4
 Petrify                  Tmut/Erth      0%         N/A       100%        4
 Bolt of Magma            Conj/Fire/Erth 0%         4d4       100%        5
 Borgnjor's Vile Clutch   Necr/Erth      0%         N/A       100%        5
 Irradiate                Conj/Tmut      0%         3d13      100%        5
 Metabolic Englaciation   Hex/Ice        0%         N/A       100%        5
 Yara's Violent Unravell  Hex/Tmut       0%         3d3       100%        5
 Iron Shot                Conj/Erth      0%         9d1       100%        6
 Statue Form              Tmut/Erth      0%         N/A       100%        6
 Shatter                  Erth           0%         3d5*      100%        9


Dungeon Overview and Level Annotations

Branches:
Dungeon (11/15)            Temple (1/1) D:6             Orc (0/2) D:10
Gauntlet (visited)
   Lair: D:8-11

Altars:
Ashenzari
Cheibriados
Dithmenos
Elyvilon
Fedhas
Gozag
Hepliaklqana
Kikubaaqudgha
Makhleb
Nemelex Xobeh
Okawaru
Qazlal
Ru
Trog
Uskayaw
Vehumet
Wu Jian
Yredelemnul
Zin

Shops:
D:3 [   D:8 *=

Annotations:
D:3 1 runed translucent door, Crazy Yiuf
D:4 scottley's ghost, amateur TrMo


Innate Abilities, Weirdness & Mutations

You are resistant to damage.
You can heal yourself by infusing magical energy.
You passively map the area around you.
You do not regenerate.


Message History

The cyan ugly thing shocks you!
The fire giant hits you with a +2 great sword of flaming!!
The fire giant burns you.
You take 31 damage, and have 39/112 hp.
MASSIVE DAMAGE!!
The fire giant barely misses you.
Found 10 gold pieces.
You regained 5 hp, and now have 44/112 hp.
You're too confused to move!
The cyan ugly thing tentacle-slaps you. The cyan ugly thing shocks you!
The fire giant hits you but does no damage.
You take 7 damage, and have 37/112 hp.
The fire giant hits you but does no damage.
You regained 5 hp, and now have 42/112 hp.
You feel less invigorated.
You feel less confused.
The cyan ugly thing tentacle-slaps you but does no damage.
The fire giant hits you but does no damage.
You see here the +1 trident of the Spectre {flame, Dex+4}.
You regained 4 hp, and now have 46/112 hp.
You slice the fire giant!!
The fire giant's magic leaks into the air.
The fire giant is moderately wounded.
You slash the cyan ugly thing! The cyan ugly thing tentacle-slaps you.
The cyan ugly thing shocks you!
* * * LOW HITPOINT WARNING * * *
The fire giant hits you but does no damage.
You take 14 damage, and have 32/112 hp.
Okay, then.
A demon appears!
The cyan ugly thing tentacle-slaps you. The cyan ugly thing shocks you!
* * * LOW HITPOINT WARNING * * *
The fire giant closely misses you.
You take 16 damage, and have 16/112 hp.
You slash the fire giant!
The fire giant's magic leaks into the air.
The fire giant is moderately wounded.
You slice the cyan ugly thing!! The cyan ugly thing tentacle-slaps you!
* * * LOW HITPOINT WARNING * * *
The cyan ugly thing shocks you!
You die...

##.......
################...###
#...#...#...##........
#...'^..†...##....)...
#...#...#...#..##.....
##########'##..#......
#...#4.}#...#.........
#...#.u.#...#.........
#.$.#@C[#...#.........
##+ ##'###)###.#......
, #..(#...##.#......
.'...'..)'......###
...#...#...#.......#*
#############...##...#
##...#.... #.(......
##.#.....


You could see a fire giant, a cyan ugly thing (ally target) and a friendly
hellwing (summoned).

Vanquished Creatures
  A fire giant (D:11)
  A minotaur (Gauntlet)
  A two-headed ogre (D:10)
  A fire crab (Gauntlet)
  An unseen horror (D:11)
  A deep elf archer (D:11)
  2 ugly things (D:11)
  2 cyclopes (D:11)
  A wolf spider (D:11)
  A centaur skeleton (D:10)
  A komodo dragon (D:10)
  3 hornets (Gauntlet)
  2 trolls (D:11)
  A meliai (D:11)
  A slime creature (D:7)
  A vampire (D:11)
  A redback (D:8)
  A shadow (D:11)
  A wyvern (D:10)
  11 fire bats
  6 yaks
  6 humans (D:7)
  A steam dragon (D:10)
  A water moccasin (D:9)
  A spectral hornet (Gauntlet)
  2 sky beasts
  4 orc warriors
  3 ice beasts
  2 black bears (D:9)
  A phantom (D:5)
  6 ogres
  5 centaurs
  3 kobold brigands (D:7)
  8 bullfrogs
  A gnoll sergeant (D:7)
  6 scorpions
  3 killer bees (D:9)
  23 wights
  3 howler monkeys
  A quasit (D:7)
  3 centaur zombies
  3 hounds
  5 jellies
  7 orc priests
  A bullfrog skeleton (D:10)
  An iguana (D:8)
  6 orc wizards
  5 worker ants
  A hound zombie (D:6)
  A worker ant zombie (D:9)
  4 gnolls (D:7)
  11 adders
  A hound simulacrum (D:10)
  3 shadow imps
  3 white imps
  5 ufetubi
  4 oozes (D:7)
  2 adder skeletons
  3 worms
  2 dart slugs
  8 leopard geckos
  56 orcs
  7 bats
  6 giant cockroaches
  7 goblins
  8 hobgoblins
  11 jackals
  7 quokkas
  2 ball pythons
  5 frilled lizards
  A jackal skeleton (D:4)
  14 kobolds
  A leopard gecko zombie (D:5)
  A quokka zombie (D:5)
  11 rats
  A butterfly (D:6)
338 creatures vanquished.

Vanquished Creatures (collateral kills)
  A death drake (Gauntlet)
  2 slime creatures (D:7)
  A kobold brigand (D:7)
4 creatures vanquished.

Vanquished Creatures (others)
  A hound zombie (D:6)
  14 fungi
  10 plants
  6 toadstools (D:7)
31 creatures vanquished.

Grand Total: 373 creatures vanquished

Notes
Turn   | Place    | Note
-------+----------+-------------------------------------------
     0 | D:1      | jasper the Deep Dwarf Fighter began the quest for the Orb.
     0 | D:1      | Reached XP level 1. HP: 20/20 MP: 1/1
   140 | D:1      | Reached XP level 2. HP: 25/27 MP: 2/2
   752 | D:2      | Reached skill level 3 in Axes
   752 | D:2      | Reached XP level 3. HP: 26/33 MP: 3/3
  1773 | D:3      | Reached XP level 4. HP: 23/42 MP: 4/4
  1966 | D:3      | Found Hotaileq's Armour Emporium.
  2287 | D:3      | Found a shadowy altar of Dithmenos.
  2347 | D:3      | Reached skill level 4 in Axes
  2459 | D:3      | Reached XP level 5. HP: 24/49 MP: 5/5
  2549 | D:3      | Found a runed translucent door.
  2550 | D:3      | Noticed Crazy Yiuf
  2857 | D:4      | Reached XP level 6. HP: 25/56 MP: 6/6
  2925 | D:4      | Reached skill level 5 in Axes
  3113 | D:4      | Found a transporter.
  3119 | D:4      | Noticed scottley's ghost (amateur TrMo)
  3142 | D:4      | Found a transporter.
  3280 | D:4      | Reached XP level 7. HP: 34/64 MP: 6/6
  3321 | D:4      | Reached skill level 5 in Armour
  3321 | D:4      | Reached skill level 5 in Shields
  3496 | D:5      | Entered Level 5 of the Dungeon
  3675 | D:5      | Reached skill level 6 in Axes
  3821 | D:5      | Identified a scroll of acquirement
  3821 | D:5      | Acquired the +0 hat "Ceseoh" {rPois}
  4092 | D:5      | Found a blossoming altar of Fedhas.
  4196 | D:5      | Identified the +1 hunting sling of Indomitability {vorpal,
                  | rElec Will- Dex+7}
  4387 | D:6      | Reached XP level 8. HP: 46/73 MP: 6/6
  4517 | D:5      | Reached skill level 7 in Axes
  4564 | D:6      | Found a staircase to the Ecumenical Temple.
  4575 | Temple   | Entered the Ecumenical Temple
  4579 | Temple   | Became a worshipper of Makhleb the Destroyer
  4740 | D:6      | Reached skill level 5 in Fighting
  4849 | D:6      | Found a stormy altar of Qazlal.
  4882 | D:6      | Reached skill level 8 in Axes
  5181 | D:6      | Gained mutation: You passively map the area around you.
                  | [Deep Dwarf growth]
  5181 | D:6      | Reached XP level 9. HP: 22/81 MP: 6/6
  5293 | D:6      | Reached * piety under Makhleb
  5566 | D:7      | Found a stormy altar of Qazlal.
  5609 | D:7      | Reached skill level 9 in Axes
  5711 | D:7      | Found a snail-covered altar of Cheibriados.
  5885 | D:7      | Reached skill level 1 in Invocations
  6400 | D:8      | Noticed a two-headed ogre
  6403 | D:8      | a two-headed ogre changed into a redback
  6429 | D:8      | Reached skill level 10 in Axes
  6480 | D:8      | Reached ** piety under Makhleb
  6517 | D:8      | Reached XP level 10. HP: 68/92 MP: 9/9
  6586 | D:8      | Found Gepluesue's Jewellery Emporium.
  6597 | D:8      | Identified the +3 ring mail of Death Resistance {Rampage}
  6647 | D:8      | Found Votigom's Assorted Antiques.
  7286 | D:9      | Found an iron altar of Okawaru.
  7377 | D:9      | Found a bloodstained altar of Trog.
  7398 | D:9      | Found a sparkling altar of Nemelex Xobeh.
  7633 | D:7      | Reached *** piety under Makhleb
  7923 | D:7      | Reached skill level 5 in Invocations
  8493 | D:7      | Reached skill level 11 in Axes
  8584 | D:10     | Entered Level 10 of the Dungeon
  8720 | D:10     | Found a sparkling altar of Nemelex Xobeh.
  8744 | D:10     | Noticed a two-headed ogre
  8758 | D:10     | Killed a two-headed ogre
  8759 | D:10     | Reached XP level 11. HP: 61/100 MP: 10/10
  8985 | D:10     | Found a staircase to the Orcish Mines.
  9382 | D:11     | Noticed a cyan ugly thing
  9404 | D:11     | Killed a cyan ugly thing
  9411 | D:11     | Reached **** piety under Makhleb
  9459 | D:11     | Reached skill level 12 in Axes
  9466 | D:11     | Found a gate leading to a gauntlet.
  9473 | D:11     | Killed an unseen horror
  9480 | D:11     | Acquired the +4 broad axe "Rikk" {antimagic, rPois rF+}
  9492 | Gauntlet | Entered a Gauntlet
  9492 | Gauntlet | Found a transporter.
  9495 | Gauntlet | Noticed a fire crab
  9528 | Gauntlet | Found a transporter.
  9531 | Gauntlet | Found a transporter.
  9541 | Gauntlet | Found a transporter.
  9545 | Gauntlet | Found a transporter.
  9549 | Gauntlet | Noticed a death drake
  9556 | Gauntlet | Found a transporter.
  9570 | Gauntlet | Noticed a wizard
  9571 | Gauntlet | Found a transporter.
  9571 | Gauntlet | Noticed a wizard
  9582 | Gauntlet | Found a transporter.
  9587 | Gauntlet | Noticed a hell beast
  9593 | Gauntlet | Noticed a green death
  9594 | Gauntlet | Found a transporter.
  9609 | Gauntlet | Found a transporter.
  9624 | Gauntlet | Found a transporter.
  9624 | Gauntlet | Found a transporter.
  9628 | Gauntlet | Noticed a necromancer
  9668 | Gauntlet | Found a transporter.
  9682 | Gauntlet | Found a transporter.
  9792 | Gauntlet | Killed a fire crab
  9833 | Gauntlet | Paralysed by a hornet for 1 turns
  9910 | Gauntlet | Killed a death drake
  9935 | Gauntlet | Noticed a minotaur
  9944 | Gauntlet | Killed a minotaur
  9953 | Gauntlet | Identified Sif Muna's Tome of Ghastly Shape Shifting
  9953 | Gauntlet | Identified the ring of Okawaru's Delight {rF+ Will+ Stlth+}
  9953 | Gauntlet | Identified the +7 spear of Suicidal Tendencies {flame, +Fly
                  | rF- rN+ Int+3}
 10051 | D:11     | Noticed a purple ugly thing
 10059 | D:11     | Killed a purple ugly thing
 10060 | D:11     | Reached skill level 13 in Axes
 10085 | D:11     | Noticed a fire giant
 10099 | D:11     | Reached skill level 10 in Armour
 10099 | D:11     | Killed a fire giant
 10100 | D:11     | Reached skill level 10 in Shields
 10100 | D:11     | Reached XP level 12. HP: 69/112 MP: 3/10
 10333 | D:11     | Noticed a fire giant
 10334 | D:11     | Noticed a death knight
 10337 | D:11     | Identified the +1 trident of the Spectre {flame, Dex+4}
 10346 | D:11     | Mangled by a cyan ugly thing

Illustrated notes

Levels and vault maps discovered:
D:1:      minmay_arrival_radiant_lines, layout_loops_ring
D:2:      layout_loops_ring, serial_forest, infiniplex_forest_clump_tiny,
          infiniplex_forest_clump_long, infiniplex_forest_end_double,
          infiniplex_forest_lined_2, infiniplex_forest_lined_corner,
          infiniplex_forest_clump_double, infiniplex_forest_straight_3
D:3:      layout_basic, overflow_temple_1_default, serial_shops, shop,
          uniq_crazy_yiuf_cottage
D:4:      wander_river, layout_rooms, gammafunk_ghost_mausoleum
D:5:      layout_layer_cave, fedhas_altar_4
D:6:      minmay_skewed_foursquare, layout_basic,
          minmay_temple_entry_butterflies, grunt_qazlal_clouds
D:7:      cheibrodos_fertilizer, layout_basic, nicolae_overflow_crystal_walls,
          old_standard_altar, st_stairs_4, hangedman_decor_diamond_cutter,
          minmay_ruffians
D:8:      layout_basic, serial_shops, shop, shop
D:9:      layout_roguey, trog_ov_bears_minmay, marbit_many_paths,
          nemelex_altar_shiori
D:10:     minmay_curly_fans, layout_small_grid, orc_0_dummy, basic_altar
D:11:     minmay_firetagon, layout_cave_pools, grunt_lair_entry_orc_guard_hut,
          gauntlet_entry_generic, minmay_evil_grid
Temple:   nicolae_temple_x_marks_the_god

Skill      XL: |  1  2  3  4  5  6  7  8  9 10 11 |
---------------+----------------------------------+-----
Axes           | 3 4 5 6 8 10 11 13 | 13.6
Fighting       | 3 4 5 6 7 8 |  8.8
Armour         | 4 5 6 7 8 10 | 10.4
Shields        | 4 5 6 7 8 10 | 10.4
Invocations    | 3 5 |  5.0

Action                   |  1- 3 |  4- 6 |  7- 9 | 10-12 || total
-------------------------+-------+-------+-------+-------++-------
Melee: War axe           |   121 |   154 |   423 |   311 ||  1009
       Broad axe         |       |       |       |   137 ||   137
 Fire: Hunting sling     |    25 |    53 |     2 |       ||    80
Throw: Stone             |    11 |    14 |       |       ||    25
       Boomerang         |       |    41 |    69 |   112 ||   222
       Dart              |       |     5 |    30 |       ||    35
Invok: Lesser Servant of |       |       |       |     3 ||     3
 Abil: Heal Wounds       |       |     2 |     7 |     7 ||    16
Evoke: Wand              |       |       |    14 |       ||    14
       Lightning rod     |       |       |       |     3 ||     3
  Use: Scroll            |     6 |       |    11 |     7 ||    24
       Potion            |     1 |     2 |       |     7 ||    10
 Stab: Paralysed         |       |       |     1 |       ||     1
       Distracted        |       |       |       |     1 ||     1
       Invisible         |       |       |       |     7 ||     7
Armor: Chain mail        |    68 |    75 |    83 |       ||   226
       Scale mail        |     1 |       |       |       ||     1
       Plate armour      |       |       |   184 |   267 ||   451
Dodge: Dodged            |    31 |    37 |   110 |    86 ||   264
Block: Kite shield       |    66 |   108 |   269 |   292 ||   735

Table legend: (Time is in decaauts)
 A = Elapsed time spent in this place.
 B = Non-inter-level travel time spent in this place.
 C = Inter-level travel time spent in this place.
 D = Time resting spent in this place.
 E = Time spent auto-exploring this place.
 F = Levels seen in this place.
 G = Mean time per level.
                   A        B        C        D        E       F      G
               +--------+--------+--------+--------+--------+-----+--------+
         Total |  10847 |  10296 |    551 |    970 |   5852 |  13 |  834.4 |
       Dungeon |  10328 |   9777 |    551 |    926 |   5597 |  11 |  938.9 |
        Temple |      8 |      8 |      0 |      0 |      0 |   1 |    8.0 |
      Gauntlet |    511 |    511 |      0 |     44 |    255 |   1 |  511.0 |
               +--------+--------+--------+--------+--------+-----+--------+

Top non-repeatable levels by time:
     D:7: 1873 daAuts
     D:6: 1179 daAuts
     D:4: 1152 daAuts
     D:2: 1081 daAuts
     D:3: 1002 daAuts
    D:10: 820 daAuts
     D:1: 778 daAuts
     D:8: 773 daAuts
     D:5: 692 daAuts
Gauntlet: 511 daAuts
     D:9: 488 daAuts
    D:11: 484 daAuts
  Temple: 8 daAuts
